 Dungeon Crawl Stone Soup version 0.31-a0-455-g1a7b003ef0 (webtiles) character file.

Game seed: 3813934106117143988

11 Diovan321 the Covered (level 2, -3/2 HPs)
             Began as a Minotaur Fighter on Aug 3, 2023.
             Killed from afar by a dart slug (5 damage)
             ... with a slug dart
             ... on level 1 of the Dungeon.
             The game lasted 00:05:22 (278 turns).

Diovan321 the Covered (Minotaur Fighter)             Turns: 278, Time: 00:05:22

Health: -3/2       AC:  7    Str: 20    XL:     2   Next: 13%
Magic:  1/1        EV:  9    Int:  5    God:
Gold:   33         SH:  4    Dex:  9    Spells: 1/1 levels left

rFire   . . .        a - +0 war axe
rCold   + . .        c - +0 buckler
rNeg    + + +        b - +0 scale mail
rPois   ∞            (helmet restricted)
rElec   .            (no cloak)
rCorr   .            (no gloves)
SInv    .            (no boots)
Will    +....        (no amulet) Stlth
                     (no ring)
HPRegen 0.20/turn    (no ring)
MPRegen 0.07/turn

%: no passive effects
@: death-form
A: vile attack, torment immunity, no potions, reduced hp, horns 2, retaliatory
headbutt
a: Siphon Essence, Begin Untransformation


You were on level 1 of the Dungeon.
You were an undying horror.
You visited 1 branch of the dungeon, and saw 1 of its levels.

You collected 33 gold pieces.

Inventory:

Hand Weapons
 a - a +0 war axe (weapon)
Armour
 b - a +0 scale mail (worn)
 c - a +0 buckler (worn)
Talismans
 e - a beast talisman
 f - a talisman of death (active)
Scrolls
 g - a scroll of torment {unknown}
Potions
 d - a potion of might


   Skills:
 * Level 3.8 Fighting
 * Level 2.7 Axes
 * Level 3.8 Armour
 * Level 3.8 Shields


You had one spell level left.
You didn't know any spells.
Your spell library was empty.

Dungeon Overview and Level Annotations

Branches:
Dungeon (1/15)

Altars:


Innate Abilities, Weirdness & Mutations

You are an undying horror.
Your melee and unarmed attacks drain, slow and weaken victims.
You are immune to unholy pain and torment.
You cannot drink.
Your maximum health is decreased, since you lack skill for your form.
You are immune to poison.
You have a pair of horns on your head.
You reflexively headbutt those who attack you in melee.


Message History

The jackal closely misses you. You block the jackal's attack.
The jackal bites you but does no damage.
You slash the jackal!
You kill the jackal!
You closely miss the jackal. The jackal closely misses you.
The jackal barely misses you.
You have reached level 2!
You slash the jackal!
You kill the jackal!
You open the door.
There is an open door here.
Found a leather armour.
Things that are here:
a +0 leather armour; a +0 dagger You open the door.
A ball python comes into view.
You slash the ball python!
You kill the ball python!
There is an open door here.
You see here a ball python corpse.
You open the door.
There is an open door here.
There is an open door here.
There is an open door here.
You see here a +0 spear.
You open the door.
There is an open door here.
A dart slug comes into view.
The dart slug launches a dart at you. The slug dart misses you.
The dart slug launches a dart at you.
The slug dart hits you but does no damage.
A goblin comes into view. It is wielding a +0 club.
The goblin shouts!
An endoplasm comes into view.
The endoplasm quivers.
The dart slug launches a dart at you. The slug dart hits you.
Ouch! That really hurt!
You die...

# . . ..#. ### #
....# ..# . ..
.#....#.#
######.........#w#
##....... #..g..z#
##...... ...J#.#.#
#....... . ..# #.#
#....# ##.# #.#
.....+ ... #.#
.....##### #.# #.#
.....'...###.###.#
#....###.##......#
#........##..#####


You could see a dart slug, an endoplasm and a goblin.

Vanquished Creatures
  A hobgoblin (D:1)
  4 jackals (D:1)
  A quokka (D:1)
  2 ball pythons (D:1)
  A rat (D:1)
9 creatures vanquished.

Notes
Turn   | Place    | Note
-------+----------+-------------------------------------------
     0 | D:1      | Diovan321 the Minotaur Fighter began the quest for the Orb.
     0 | D:1      | Reached XP level 1. HP: 19/19 MP: 0/0
   168 | D:1      | Reached XP level 2. HP: 2/27 MP: 1/1
   278 | D:1      | Killed from afar by a dart slug

Illustrated notes

Levels and vault maps discovered:
D:1:      erik_arrival_orb_chamber, layout_basic

Action                     || total
---------------------------++-------
  Melee: War axe           ||    13
         Headbutt          ||     3
 Armour: Scale mail        ||     8
  Dodge: Dodged            ||     8
  Block: Buckler           ||     4
   Form: Death             ||     1

Table legend: (Time is in decaauts)
 A = Elapsed time spent in this place.
 B = Non-inter-level travel time spent in this place.
 C = Inter-level travel time spent in this place.
 D = Time resting spent in this place.
 E = Time spent auto-exploring this place.
 F = Levels seen in this place.
 G = Mean time per level.
                   A        B        C        D        E       F      G
               +--------+--------+--------+--------+--------+-----+--------+
         Total |    283 |    283 |      0 |      0 |      0 |   1 |  283.0 |
       Dungeon |    283 |    283 |      0 |      0 |      0 |   1 |  283.0 |
               +--------+--------+--------+--------+--------+-----+--------+

Top non-repeatable levels by time:
     D:1: 283 daAuts
